 Dungeon Crawl Stone Soup version 0.28.0-49-g6dfe1f597d (webtiles) character file.

Game seed: 16632587418199010966

2 Zeld the Ruffian (level 1, 16/16 HPs)
             Began as a Draconian Transmuter on May 11, 2022.
             Quit the game on level 1 of the Dungeon.
             The game lasted 00:00:17 (105 turns).

Zeld the Ruffian (Draconian Transmuter)              Turns: 105, Time: 00:00:18

Health: 16/16      AC:  4    Str: 12    XL:     1   Next: 25%
Magic:  2/3        EV: 12    Int: 13    God:
Gold:   17         SH:  0    Dex: 11    Spells: 3/4 levels left

rFire   . . .      SeeInvis .     - Unarmed
rCold   . . .      Faith    .   (no shield)
rNeg    . . .      Spirit   .   (armour unavailable)
rPois   .          Reflect  .   (helmet restricted)
rElec   .          Harm     .   (no cloak)
rCorr   .          Rampage  .   (no gloves)
Will    .....                   (no boots)
Stlth   +.........              (no amulet)
HPRegen 0.05/turn               (no ring)
MPRegen 0.08/turn               (no ring)

@: very slightly contaminated
A: AC +4, unfitting armour, cold-blooded
a: no special abilities


You were on level 1 of the Dungeon.
You visited 1 branch of the dungeon, and saw 1 of its levels.

You collected 17 gold pieces.

Inventory:

Scrolls
 a - a scroll of noise {unknown}


   Skills:
 * Level 1.2 Fighting
 + Level 1.7 Dodging
 + Level 0.0 Stealth
 + Level 3.0 Unarmed Combat
 * Level 2.0 Spellcasting
 * Level 2.0 Transmutations


You had 3 spell levels left.
You knew the following spells:

 Your Spells              Type           Power      Damage    Failure   Level
a - Beastly Appendage     Tmut           12%        N/A       11%         1

Your spell library contained the following spells:

 Spells                   Type           Power      Damage    Failure   Level
 Wereblood                Tmut           6%         N/A       17%         2
 Spider Form              Tmut/Pois      3%         N/A       45%         3
 Ice Form                 Ice/Tmut       3%         N/A       86%         4


Dungeon Overview and Level Annotations

Branches:
Dungeon (1/15)

Altars:


Innate Abilities, Weirdness & Mutations

Your plain brown scales are hard. (AC +4)
You cannot fit into any form of body armour.
You are cold-blooded and may be slowed by cold attacks.


Message History

Casting: Beastly Appendage (safe; 11% risk of failure)
Confirm with . or Enter, or press ? or * to list all spells.
You grow a pair of large bovine horns.
Your feet morph into talons.
Found 12 gold pieces.
Found a stone staircase leading down.
Your transformation is almost over.
A kobold comes into view. It is wielding a +0 dagger.
The goblin barely misses you.
You hit the goblin.
You kill the goblin!
The kobold closely misses you.
You hit the kobold but do no damage. Your kick misses the kobold.
The kobold misses you.
A kobold is nearby!
You closely miss the kobold. You claw the kobold.
You kill the kobold!
Your horns disappear.
Your talons disappear.
Magic restored.
Things that are here:
a +0 dagger; 5 stones; a kobold corpse No target in view!
Things that are here:
a +0 dagger; a goblin corpse No target in view!
a - a scroll labelled YDUUWI IM NAU Key pressed, stopping explore.
No target in view!
You now have 12 gold pieces.
You now have 17 gold pieces (gained 5).
A bat comes into view.
A bat is nearby!
A bat is nearby!
Casting: Beastly Appendage (safe; 11% risk of failure)
Confirm with . or Enter, or press ? or * to list all spells.
You miscast Beastly Appendage.
You are very lightly contaminated with residual magic.
Nothing appears to happen.
The bat hits you but does no damage.
Are you sure you want to abandon this character and quit the game? (Confirm with "yes".)
Okay, then.
Are you sure you want to abandon this character and quit the game? (Confirm with "yes".)

#.....+.# #.#
#.....### #.# #
######### #.#
..##.......#####.#
.................#
.##.....#######......#
#.....# #.###....
####.## #.# .# #..@#
#.# #...# #.. #..b#
### #...# #...# .....
...... .......
####...##


You could see a bat.

Vanquished Creatures
  A goblin (D:1)
  A kobold (D:1)
2 creatures vanquished.

Notes
Turn   | Place    | Note
-------+----------+-------------------------------------------
     0 | D:1      | Zeld the Draconian Transmuter began the quest for the Orb.
     0 | D:1      | Reached XP level 1. HP: 16/16 MP: 3/3
   105 | D:1      | Quit the game

Illustrated notes

Levels and vault maps discovered:
D:1:      minmay_arrival_solitary_statue, layout_loops_cross

Action                   || total
-------------------------++-------
Melee: Unarmed           ||     3
       Kick              ||     1
 Cast: Beastly Appendage ||     1
Armor: Skin              ||     1
Dodge: Dodged            ||     3
